[Event "*** Titled Tuesday Blitz"]
[Site "Chess.com"]
[Date "2019.01.01"]
[Round "9"]
[White "Chessmatus"]
[Black "2165149677570"]
[Result "1-0"]
[WhiteElo "2200"]
[BlackElo "2337"]
[TimeControl "180+2"]
[EndTime "15:05:53 PST"]
[Termination "Chessmatus won by resignation"]

1. d4 Nf6 2. c4 e6 3. g3 c5 4.
d5 exd5 5. cxd5 b5 6. e4 Nxe4 7.
Bg2 Nd6 8. Nf3 Qe7+ 9. Be3 Nf5 10. O-O Nxe3 11. fxe3 Qxe3+ 12. Kh1 Qh6 13. Re1+ Kd8 14.
Ne5 Qf6 15. d6 Nc6 16. Bxc6 dxc6 17. Nxc6+ Kd7 18. Ne5+ Kd8 19. Qd5 Bxd6 20. Qxa8 Bxe5 21. Qd5+ Bd6 22. Nc3 a6 23. Ne4 Qf3+ 24. Kg1 1-0

[Event "*** Titled Tuesday Blitz"]
[Site "Chess.com"]
[Date "2019.01.01"]
[Round "9"]
[White "ASVZ"]
[Black "Obito24"]
[Result "1-0"]
[WhiteElo "2257"]
[BlackElo "2612"]
[TimeControl "180+2"]
[EndTime "15:06:10 PST"]
[Termination "ASVZ won by resignation"]

1. e4 c5 2. c3 Nf6 3. e5 Nd5 4. d4 cxd4 5. Qxd4 e6 6. Nf3 Nc6 7. Qe4 d6 8. Bb5 Bd7 9. c4 Ndb4 10. exd6 a6 11. Bg5 Qa5 12. Nc3 axb5 13. cxb5 f5 14. Qe2 Na7 15. Ne5 g6 16. O-O Bxd6 17. Nxd7 Kxd7 18.
Rfd1 Nc8 19. a3 Re8 20. Qd2 Nd5 21. Nxd5 exd5 22. Qxd5 Qb6 23. Be3 Rxe3 24. fxe3 Qxe3+ 25. Kh1 Rb8 26. Rac1 Qe7 27. b6 Nxb6 28. Qb5+ 1-0

[Event "*** Titled Tuesday Blitz"]
[Site "Chess.com"]
[Date "2019.01.01"]
[Round "9"]
[White "tarantul1"]
[Black "Muracle"]
[Result "0-1"]
[WhiteElo "2401"]
[BlackElo "2529"]
[TimeControl "180+2"]
[EndTime "15:06:13 PST"]
[Termination "Muracle won by resignation"]

1. e4 g6 2. d4 Bg7 3. Nc3 a6 4. f4 b5 5. Nf3 Bb7 6. Bd3 d6 7. e5 Nd7 8. Be4 Qc8 9. Qd3 c5 10. exd6 cxd4 11. Bxb7 Qxb7 12. Ne4 Ngf6 13. Nxf6+ Bxf6 14.
dxe7 Nc5 15. Qe2 Ne6 16. O-O Bxe7 17. Ne5 Ng7 18. f5 Nxf5 19. g4 Nd6 20. Bh6 Qd5 21. Bg7 Rg8 22. Bf6 Bxf6 23. Rxf6 O-O-O 24. Nd3 h5 25. Nf4 Qc5 26. Nd3 Qc7 27. g5 Rge8 28. Qg2 Qb7 29.
Qf2 Ne4 0-1

[Event "*** Titled Tuesday Blitz"]
[Site "Chess.com"]
[Date "2019.01.01"]
[Round "9"]
[White "Hieronymus00"]
[Black "Karina_Oparina"]
[Result "1-0"]
[WhiteElo "2128"]
[BlackElo "2050"]
[TimeControl "180+2"]
[EndTime "15:06:17 PST"]
[Termination "Hieronymus00 won by resignation"]

1. e4 c6 2. d4 d5 3. f3 Qb6 4.
Nc3 e6 5. a3 Ne7 6. Nge2 Ng6 7.
Qd3 Be7 8. g3 f5 9. exf5 exf5 10.
Bh3 O-O 11. O-O Na6 12. Kh1 Nc7 13. Nf4 Ne6 14. Nxe6 Bxe6 15. Re1 Bd7 16. Na4 Qd8 17. Nc5 Bxc5 18. dxc5 Qf6 19. c3 Ne5 20. Qe2 Rae8 21.
Bf4 Qe6 22. Bxe5 Qf7 23. f4 Re7 24. Qd3 Rfe8 25. Re2 g5 26. Rae1 g4 27. Bg2 Be6 28.
Bd6 Rd7 29. Re5 b5 30. Qe2 a5 31. Rxe6 Rxe6 32. Qxe6 Qxe6 33. Rxe6 Kf7 34. Re5 Kg6 35. Re7 1-0

[Event "*** Titled Tuesday Blitz"]
[Site "Chess.com"]
[Date "2019.01.01"]
[Round "9"]
[White "Gubajdullin"]
[Black "Generalas"]
[Result "1-0"]
[WhiteElo "2394"]
[BlackElo "2224"]
[TimeControl "180+2"]
[EndTime "15:06:17 PST"]
[Termination "Gubajdullin won by resignation"]

1. d4 Nf6 2. Bf4 g6 3. e3 Bg7 4.
Nf3 O-O 5. Be2 d6 6. O-O Nbd7 7.
h3 b6 8. a4 a5 9. Nc3 Bb7 10. Nb5 Ne4 11. Nd2 e5 12. Bh2 exd4 13. Nxe4 Bxe4 14. exd4 Re8 15. Bf3 Nf6 16. c3 Qd7 17.
Re1 Bf8 18. Bxe4 Rxe4 19. Rxe4 Nxe4 20. Qd3 Re8 21. Re1 Nc5 22. Qd1 Rxe1+ 23. Qxe1 Nxa4 24. Qe2 c6 25. Na3 d5 26. Nb1 c5 27. b3 cxd4 28.
cxd4 Qf5 29. Qa2 Qd3 30. Be5 Nc3 31. Nxc3 Qxc3 32. Qa4 Qb4 33. Qe8 b5 34. Qd8 a4 35.
Qf6 Qe1+ 36. Kh2 Qxe5+ 37. dxe5 axb3 38. e6 fxe6 39. Qxe6+ Kg7 40. Qxd5 1-0

[Event "*** Titled Tuesday Blitz"]
[Site "Chess.com"]
[Date "2019.01.01"]
[Round "9"]
[White "jcibarra"]
[Black "gemarin"]
[Result "1-0"]
[WhiteElo "2728"]
[BlackElo "2087"]
[TimeControl "180+2"]
[EndTime "15:06:22 PST"]
[Termination "jcibarra won by resignation"]

1. e4 e5 2. Nf3 Nc6 3. Bb5 a6 4. Bxc6 dxc6 5. O-O f6 6. d4 exd4 7. Nxd4 c5 8. Nb3 Qxd1 9. Rxd1 Bd7 10. Bf4 O-O-O 11. Nc3 Bc6 12. Rxd8+ Kxd8 13. Na5 Kd7 14. Rd1+ Bd6 15. Nc4 g5 16. Nxd6 cxd6 17. Bxd6 Ke6 18.
Bxc5 Nh6 19. Rd6+ Ke5 20. Rxf6 Kxf6 21. Bd4+ Ke6 22. Bxh8 Nf7 23. Bd4 Nd6 24. f3 Nc4 25. Nd1 Kf7 26. b3 Nd6 27. Ne3 Nb5 28. Bb2 Nc7 29. c4 Ne6 30. Kf2 Nf4 31. Bc3 Ke6 32. Nd5 Nd3+ 33. Ke3 Nc5 34. Nb4 Be8 35. Nd3 Nd7 36.
Bd4 Kd6 37. g3 Bh5 38. a4 Bf7 39. a5 Bh5 40. g4 Bf7 41. Kd2 Nf8 42. Bc5+ 1-0

[Event "*** Titled Tuesday Blitz"]
[Site "Chess.com"]
[Date "2019.01.01"]
[Round "9"]
[White "TBergh98"]
[Black "VladDobrov"]
[Result "0-1"]
[WhiteElo "2293"]
[BlackElo "2818"]
[TimeControl "180+2"]
[EndTime "15:06:23 PST"]
[Termination "VladDobrov won by resignation"]

1. Nf3 d5 2. c4 c6 3. cxd5 cxd5 4.
d4 Nf6 5. Nc3 Qb6 6. Na4 Qc7 7.
Bd2 Nc6 8. e3 Bf5 9. Rc1 e6 10.
Ne5 Bd6 11. Nxc6 bxc6 12. Bb5 O-O 13. Rxc6 Qb7 14. Qe2 Ne4 15. Bc3 Rab8 16. f3 Nxc3 17. Nxc3 Bb4 18. Ba4 Bxc3+ 19. Rxc3 Qxb2 20. Bd1 Qxc3+ 0-1

[Event "*** Titled Tuesday Blitz"]
[Site "Chess.com"]
[Date "2019.01.01"]
[Round "9"]
[White "Tulipaz"]
[Black "Zarikovs1999"]
[Result "1-0"]
[WhiteElo "2457"]
[BlackElo "2253"]
[TimeControl "180+2"]
[EndTime "15:06:31 PST"]
[Termination "Tulipaz won on time"]

1. c4 Nf6 2. g3 g6 3. Bg2 Bg7 4. Nc3 O-O 5. e4 d6 6. Nge2 Nc6 7. O-O e5 8. d3 Rb8 9. h3 a6 10. Be3 b5 11. b3 h6 12. Qd2 Kh7 13. Nd5 Nxd5 14.
cxd5 Ne7 15. Rac1 Bb7 16. d4 c6 17. dxc6 Nxc6 18. d5 Ne7 19. Rc2 Qd7 20. Rfc1 1-0

[Event "*** Titled Tuesday Blitz"]
[Site "Chess.com"]
[Date "2019.01.01"]
[Round "9"]
[White "minnesotachessmaster"]
[Black "Lion_DL"]
[Result "0-1"]
[WhiteElo "1904"]
[BlackElo "2366"]
[TimeControl "180+2"]
[EndTime "15:06:33 PST"]
[Termination "Lion_DL won by resignation"]

1. e4 Nc6 2. d4 d5 3. Nc3 e5 4. exd5 Nxd4 5. Be3 Nf5 6. Nf3 a6 7. Bg5 f6 8. Be3 Nxe3 9. fxe3 Bc5 10. Qd2 Ne7 11. e4 O-O 12. O-O-O b5 13. Kb1 Bd7 14. Bd3 b4 15. Ne2 a5 16. h3 a4 17. g4 Qb8 18.
Nc1 Qb6 19. g5 Ng6 20. Bc4 Kh8 21. h4 Bg4 22. Rdf1 Be3 23. Qe1 Bh5 24. gxf6 Rxf6 25. Ng5 Nf4 26. Nd3 Qd4 27. Nxf4 exf4 28. Bd3 a3 0-1

[Event "*** Titled Tuesday Blitz"]
[Site "Chess.com"]
[Date "2019.01.01"]
[Round "9"]
[White "tigra"]
[Black "afgano29"]
[Result "0-1"]
[WhiteElo "2750"]
[BlackElo "2674"]
[TimeControl "180+2"]
[EndTime "15:06:40 PST"]
[Termination "afgano29 won by resignation"]

1. e4 c5 2. a3 Nf6 3. Nc3 d6 4. b3 g6 5. h4 Bg7 6. Bd3 Nc6 7.
h5 Nxh5 8. Rxh5 gxh5 9. Qxh5 Ne5 10. Be2 e6 11. f4 Ng6 12. g3 Bd7 13. Bb2 Bc6 14.
O-O-O Qe7 15. b4 cxb4 16. axb4 O-O-O 17. Qa5 Kb8 18. d4 Qc7 19. Qa3 h5 20. Nh3 Rc8 21. Kb1 Bxe4 22. Ng5 Bc6 23. d5 Bxd5 24. Rd3 Bc4 25.
Rd2 Bxe2 26. Nxe2 Bxb2 27. Kxb2 h4 28. gxh4 Rxh4 29. Qg3 d5 30. Nxe6 fxe6 31. Qxg6 Qb6 32. c3 Rh2 33. Kb3 Qe3 34. Rc2 Rxe2 0-1

[Event "*** Titled Tuesday Blitz"]
[Site "Chess.com"]
[Date "2019.01.01"]
[Round "9"]
[White "HonzaVykouk"]
[Black "Orest_Vovk"]
[Result "0-1"]
[WhiteElo "2646"]
[BlackElo "2403"]
[TimeControl "180+2"]
[EndTime "15:06:42 PST"]
[Termination "Orest_Vovk won by resignation"]

1. e4 g5 2. d4 Bg7 3. Bxg5 c5 4. Be3 Qb6 5. Nc3 Qxb2 6. Nd5 cxd4 7. Bd2 d3 8. Rc1 Kd8 9. cxd3 Nc6 10. Nf3 d6 11.
Ng5 Be6 12. Nxe6+ fxe6 13. Nf4 Nd4 14. Qg4 Kd7 15. Kd1 Be5 16. g3 Nf6 17. Qh3 Rac8 18.
Rxc8 Rxc8 0-1

[Event "*** Titled Tuesday Blitz"]
[Site "Chess.com"]
[Date "2019.01.01"]
[Round "9"]
[White "pulvettd"]
[Black "attack2mateU"]
[Result "1-0"]
[WhiteElo "2500"]
[BlackElo "2592"]
[TimeControl "180+2"]
[EndTime "15:06:54 PST"]
[Termination "pulvettd won by resignation"]

1. e4 c5 2. Nf3 d6 3. d4 cxd4 4. Nxd4 Nf6 5. Nc3 a6 6. Bc4 e6 7. Bb3 b5 8. Bg5 Be7 9. Qf3 Qc7 10. e5 dxe5 11. Ndxb5 axb5 12. Qxa8 Bb4 13. O-O Bxc3 14. bxc3 O-O 15. Bxf6 gxf6 16. Qf3 Qe7 17. Rad1 Bb7 18.
Qh5 Nd7 19. Rfe1 Nc5 20. Re3 f5 21. Rxe5 Ne4 22. Qxf5 Qh4 23. Rxe6 Nxf2 24. Rd4 Ne4 1-0

[Event "*** Titled Tuesday Blitz"]
[Site "Chess.com"]
[Date "2019.01.01"]
[Round "9"]
[White "jk13"]
[Black "Arman_Hakemi"]
[Result "0-1"]
[WhiteElo "2675"]
[BlackElo "2488"]
[TimeControl "180+2"]
[EndTime "15:06:54 PST"]
[Termination "Arman_Hakemi won by resignation"]

1. e4 c5 2. c3 d5 3. exd5 Qxd5 4. d4 g6 5. Nf3 Bg7 6. Na3 cxd4 7. Bc4 Qe4+ 8. Be3 Nh6 9. Bd3 Qg4 10. h3 Qd7 11. Bb5 Nc6 12. Bxd4 Bxd4 13. Nxd4 O-O 14. O-O Nf5 15. Nac2 Nd6 16. Bxc6 bxc6 17. Re1 c5 18.
Nf3 Bb7 19. b3 Rad8 20. c4 Nf5 21. Qxd7 Rxd7 22. Rad1 Rfd8 23. Rxd7 Rxd7 24. Re2 Bxf3 25. gxf3 e6 26. Kg2 Rd3 27. Ne3 Kg7 28. Nxf5+ gxf5 29. Rc2 Kf6 30. f4 a5 31. f3 Rd4 32. Kg3 Ke7 33. Re2 Kd6 34. Rc2 Kc6 35. Re2 a4 36. Re3 a3 37. Re2 Kb6 38. Rc2 Ka5 39. Re2 Kb4 40.
Rc2 Rd1 41. Kh4 Rb1 42. Kg5 Rb2 43. Rc1 Rxa2 44. Kf6 Rb2 45. Kxf7 a2 46. Ra1 Kxb3 47. Kxe6 Rb1 0-1

[Event "*** Titled Tuesday Blitz"]
[Site "Chess.com"]
[Date "2019.01.01"]
[Round "9"]
[White "Ali_rastbod"]
[Black "gonzaga23"]
[Result "1/2-1/2"]
[WhiteElo "2607"]
[BlackElo "2467"]
[TimeControl "180+2"]
[EndTime "15:06:55 PST"]
[Termination "Game drawn by agreement"]

1. c4 Nf6 2. Nc3 g6 3. g3 Bg7 4. Bg2 O-O 5. d4 d6 6. Nf3 Nbd7 7. O-O Rb8 8. b3 b6 9. e4 e5 10. dxe5 Nxe5 11. Nd4 Bb7 12. Re1 Nfd7 13. Bb2 Re8 14. Qc2 Nxc4 15. bxc4 Bxd4 16. Rad1 Bg7 17. h3 Qg5 18.
Kh2 Nc5 19. f4 Qh5 20. Rd2 Re7 21. Nd5 Bxd5 22. cxd5 Rbe8 23. Bxg7 Kxg7 24. Rde2 f6 1/2-1/2

[Event "*** Titled Tuesday Blitz"]
[Site "Chess.com"]
[Date "2019.01.01"]
[Round "9"]
[White "snowlord"]
[Black "Parhamov"]
[Result "0-1"]
[WhiteElo "2699"]
[BlackElo "2890"]
[TimeControl "180+2"]
[EndTime "15:07:01 PST"]
[Termination "Parhamov won by resignation"]

1. e4 c5 2. Nf3 d6 3. d4 cxd4 4.
Nxd4 Nf6 5. Nc3 Nc6 6. Bc4 e6 7. Be3 a6 8. Qe2 Na5 9. Bb3 b5 10. O-O-O b4 11. Na4 Bd7 12. Nxe6 Nxb3+ 13. axb3 fxe6 14.
Bb6 Qb8 15. Qc4 d5 16. exd5 Bxa4 17. bxa4 Qxb6 18. Rhe1 Bd6 19. Rxe6+ Kf7 20. g4 Rac8 21. Qe2 Rhd8 22. Kb1 b3 23. c3 Qa5 24. Rd4 Bc5 25.
Rxa6 Qc7 26. Qe6+ Kf8 27. Rc4 Rxd5 28. Rd4 0-1

[Event "*** Titled Tuesday Blitz"]
[Site "Chess.com"]
[Date "2019.01.01"]
[Round "9"]
[White "enriquetejedor"]
[Black "JoakimVonAnd"]
[Result "0-1"]
[WhiteElo "2495"]
[BlackElo "2360"]
[TimeControl "180+2"]
[EndTime "15:07:02 PST"]
[Termination "JoakimVonAnd won by checkmate"]

1. e4 c6 2. d4 d5 3. Nc3 dxe4 4. Nxe4 Bf5 5. Ng3 Bg6 6. Nh3 Nf6 7. Nf4 e5 8. dxe5 Qa5+ 9. Bd2 Qxe5+ 10. Qe2 Qxe2+ 11.
Bxe2 Bxc2 12. O-O Bd6 13. Rac1 Bg6 14. Rfd1 O-O 15. Nxg6 hxg6 16. Be3 Be5 17. f4 Bc7 18. Bf3 Bb6 19. Kf2 Nbd7 20. Rc3 Rfe8 21. Bxb6 axb6 22. a3 b5 23. Rcd3 Nb6 24. f5 g5 25. h3 Nc4 26.
Rb3 Rad8 27. Rxd8 Rxd8 28. Nf1 Nd7 29. a4 Nc5 30. Ra3 bxa4 31. Ra2 Nxb2 32. Ne3 Nbd3+ 33.
Kg3 Nb4 34. Rb2 Nbd3 35. Rd2 Ra8 36. Nc4 Nb4 37. Nd6 a3 38. Kg4 a2 39. Rxa2 Rxa2 40. Kxg5 Nd5 41. h4 f6+ 42. Kg4 Nd3 43. h5 Ne5+ 44.
Kh4 Nxf3+ 45. gxf3 b5 46. f4 Nxf4 47. Kg4 Nd5 48. h6 gxh6 49. Kh5 b4 50. Kxh6 b3 51. Ne8 Rg2 52. Kh5 Rg5+ 53. Kh6 Rxf5 54. Nd6 b2 55. Nxf5 b1=Q 56. Ng3 Kf7 57. Nf5 Qh1+ 58.
Nh4 Qxh4# 0-1

[Event "*** Titled Tuesday Blitz"]
[Site "Chess.com"]
[Date "2019.01.01"]
[Round "9"]
[White "Justinz"]
[Black "AnonymousBread"]
[Result "0-1"]
[WhiteElo "2366"]
[BlackElo "2531"]
[TimeControl "180+2"]
[EndTime "15:07:08 PST"]
[Termination "AnonymousBread won by resignation"]

1. d4 Nf6 2. c4 g6 3. Nc3 Bg7 4. e4 d6 5. Nf3 O-O 6. Be2 e5 7. O-O Nc6 8. d5 Ne7 9. Ne1 Nd7 10. Be3 f5 11. f3 f4 12. Bf2 g5 13. Rc1 Rf6 14. c5 Rh6 15. cxd6 cxd6 16. Nb5 Qe8 17.
g4 fxg3 18. Bxg3 Qd8 19. Ng2 Ng6 20. Ne3 Nf6 21. Nc7 Rb8 22. Ne6 Bxe6 23. dxe6 Qb6 24.
Bf2 Nf4 25. Nf5 Nh3+ 26. Kg2 Nxf2 27. Nxh6+ Bxh6 28. Rxf2 g4 29. Rc3 Nh5 30. Bc4 Nf4+ 31. Kh1 Qxf2 0-1

[Event "*** Titled Tuesday Blitz"]
[Site "Chess.com"]
[Date "2019.01.01"]
[Round "9"]
[White "Rashad_Zeynalli"]
[Black "Zufi1811"]
[Result "1-0"]
[WhiteElo "2433"]
[BlackElo "2406"]
[TimeControl "180+2"]
[EndTime "15:07:10 PST"]
[Termination "Rashad_Zeynalli won by resignation"]

1. e4 c5 2. Nf3 Nc6 3. d4 cxd4 4.
Nxd4 Qb6 5. Nb3 Nf6 6. Nc3 e6 7. Qe2 Bb4 8. e5 Nd5 9. Bd2 Nxc3 10. bxc3 Be7 11. Qg4 O-O 12. Bh6 g6 13. Bxf8 Bxf8 14. f4 d6 15. O-O-O dxe5 16. h4 Qe3+ 17. Kb2 exf4 18. h5 Bg7 19. Rd3 Qe5 20. hxg6 hxg6 21. Be2 Bd7 22. Rxd7 Qxc3+ 23. Kc1 Ne5 24. Rd3 Qc7 25.
Qh4 Rc8 26. Rd2 a5 27. Rhd1 a4 28. Rd8+ Rxd8 29. Qxd8+ Bf8 30. Qxc7 1-0

[Event "*** Titled Tuesday Blitz"]
[Site "Chess.com"]
[Date "2019.01.01"]
[Round "9"]
[White "IngOscarArdila"]
[Black "Iyael"]
[Result "1-0"]
[WhiteElo "2076"]
[BlackElo "2153"]
[TimeControl "180+2"]
[EndTime "15:07:13 PST"]
[Termination "IngOscarArdila won by resignation"]

1. e4 c5 2. Nf3 Nc6 3. Bb5 e6 4. Bxc6 bxc6 5. O-O f6 6. Re1 Ne7 7. d3 Ng6 8. Nc3 Be7 9. Be3 e5 10. h3 O-O 11. Qd2 d6 12. Qe2 f5 13. exf5 Bxf5 14. Ne4 h6 15. Ng3 Be6 16. c3 Qd7 17. Kh2 Nf4 18.
Bxf4 Rxf4 19. d4 cxd4 20. cxd4 Bd5 21. dxe5 Bxf3 22. gxf3 Raf8 23. e6 Qc7 24. Kg2 d5 25. Rac1 g5 26. Rc3 R8f6 27. Re3 Rh4 28. Qd3 Qf4 29. Qa6 Qd6 30. Qc8+ Kg7 31. Qd7 Qc5 32. Rc3 Rc4 33. Nh5+ Kg6 34. Nxf6 Kxf6 35. Qe8 Kg7 36. Qf7+ Kh8 37. Rb3 Qd6 38. Rb7 1-0

[Event "*** Titled Tuesday Blitz"]
[Site "Chess.com"]
[Date "2019.01.01"]
[Round "9"]
[White "oskariot"]
[Black "Hikaru"]
[Result "0-1"]
[WhiteElo "2571"]
[BlackElo "3043"]
[TimeControl "180+2"]
[EndTime "15:07:14 PST"]
[Termination "Hikaru won by resignation"]

1. e4 e5 2. Nf3 Nc6 3. Bc4 Bc5 4. c3 Nf6 5. d3 d6 6. O-O O-O 7. a4 a5 8. h3 h6 9. Re1 Ne7 10. Nbd2 Ng6 11. Nf1 c6 12. Ng3 d5 13. Bb3 Bd6 14. Nf5 Bc7 15. N3h4 Be6 16. Nxg6 fxg6 17. Ng3 Qd7 18.
Qe2 Kh7 19. Be3 Rad8 20. Rad1 Qe7 21. Bc1 d4 22. Bxe6 Qxe6 23. c4 Nd7 24. b3 Bd6 25. Rf1 Rf7 26. Qc2 Rdf8 27. Rde1 Bb4 28. Re2 g5 29. f3 Nc5 30. Ref2 b5 31. axb5 cxb5 32. Nf5 g6 33. Ng3 a4 34. bxa4 bxc4 35. Qxc4 Qxc4 36.
dxc4 Ra8 37. Rd1 Rxa4 38. Nf1 Ra1 39. Rc2 d3 40. Rb2 Bc3 41. Rb5 Bd4+ 42. Kh2 Na4 43. Nd2 Nc3 44. Bb2 Rxd1 0-1

[Event "*** Titled Tuesday Blitz"]
[Site "Chess.com"]
[Date "2019.01.01"]
[Round "9"]
[White "Bryakin_Mikhail"]
[Black "Blitzstream"]
[Result "0-1"]
[WhiteElo "2679"]
[BlackElo "2575"]
[TimeControl "180+2"]
[EndTime "15:07:27 PST"]
[Termination "Blitzstream won by resignation"]

1. d4 g6 2. c4 Bg7 3. Nc3 d6 4. e4 e6 5. Be3 b6 6. Bd3 Bb7 7.
Nge2 Ne7 8. f3 Nd7 9. Qd2 h6 10. h4 a6 11. a4 c5 12. d5 Ne5 13. Nc1 exd5 14. cxd5 Qd7 15. Be2 O-O-O 16. h5 g5 17. g4 Rhe8 18. O-O Ng8 19. Kh2 Nf6 20. Kg3 Kb8 21. Rb1 Bc8 22. Qd1 Nxh5+ 23. Kf2 Nf4 24. b4 c4 25. Bxb6 Ned3+ 26. Nxd3 cxd3 27. Bxd3 Bxc3 28. Bxd8 Qxd8 29. a5 Qf6 30. Bc4 Bd4+ 31. Ke1 Be3 32. Qb3 Bd7 33. Kd1 Qd4+ 0-1

[Event "*** Titled Tuesday Blitz"]
[Site "Chess.com"]
[Date "2019.01.01"]
[Round "9"]
[White "GremioPrudente"]
[Black "aa175"]
[Result "0-1"]
[WhiteElo "2021"]
[BlackElo "1936"]
[TimeControl "180+2"]
[EndTime "15:07:27 PST"]
[Termination "aa175 won on time"]

1. Nf3 Nf6 2. c4 g6 3. b3 Bg7 4. Bb2 O-O 5. g3 c6 6. Bg2 d5 7.
cxd5 Nxd5 8. Bxg7 Kxg7 9. O-O Qd6 10. Nc3 Nxc3 11. dxc3 Rd8 12. Qxd6 Rxd6 13. Rfd1 Be6 14. Ng5 Nd7 15. Nxe6+ fxe6 16. Bh3 Kf6 17. Rd3 Rxd3 18. exd3 Ne5 19. d4 Nf7 20. Re1 Ng5 21. Bg2 Nf7 22. f4 Nd6 23. Bh3 Nf5 24. Kf2 c5 25. dxc5 Rd8 26. g4 Ng7 27. g5+ Kf7 28. Ke2 Rd5 29.
b4 Nh5 30. Kf1 Nxf4 31. Bg4 Rxg5 32. h3 h5 33. Re4 hxg4 34. Rxf4+ Rf5 35. Rxf5+ gxf5 36.
hxg4 fxg4 37. b5 e5 38. a4 e4 39. a5 Ke6 40. a6 bxa6 41. b6 axb6 42. cxb6 Kd6 43. b7 Kc7 0-1

[Event "*** Titled Tuesday Blitz"]
[Site "Chess.com"]
[Date "2019.01.01"]
[Round "9"]
[White "Paralinch"]
[Black "TigranLPetrosyan"]
[Result "1/2-1/2"]
[WhiteElo "2925"]
[BlackElo "2857"]
[TimeControl "180+2"]
[EndTime "15:07:29 PST"]
[Termination "Game drawn by agreement"]

1. e4 g6 2. d4 Bg7 3. Nf3 d6 4. c3 Nf6 5. Bd3 O-O 6. O-O Nc6 7. Nbd2 e5 8. Re1 Nh5 9. Nb3 h6 10. h3 Qf6 11. Be3 Nf4 12. Bf1 g5 13. Nbd2 Bd7 14. Kh2 Qg6 15. g3 Nh5 16. dxe5 Nxe5 17. Nxe5 dxe5 18.
Qe2 g4 19. Rad1 Rad8 20. h4 Bc6 21. Bg2 Nf6 22. Qc4 Rfe8 23. Bxa7 Nh5 24. Be3 Qf6 25. Nb3 Rxd1 26. Rxd1 Nf4 27. Bh1 Ra8 28. Nc5 Kh7 29.
Nd7 Qe6 30. Qxe6 Nxe6 31. Nc5 Rxa2 32. Nxe6 fxe6 33. Rd2 h5 34. f3 1/2-1/2

[Event "*** Titled Tuesday Blitz"]
[Site "Chess.com"]
[Date "2019.01.01"]
[Round "9"]
[White "pultineviciuspaulius"]
[Black "IMAghasiyevKamal"]
[Result "0-1"]
[WhiteElo "2600"]
[BlackElo "2559"]
[TimeControl "180+2"]
[EndTime "15:07:32 PST"]
[Termination "IMAghasiyevKamal won by resignation"]

1. d4 d5 2. Nf3 Nf6 3. Bf4 Bf5 4. e3 e6 5. Nbd2 c5 6. c3 Nc6 7. Bb5 Qb6 8. Qa4 Nd7 9. Ne5 Ndxe5 10. Bxe5 f6 11. Bg3 Be7 12. O-O O-O 13. Bxc6 bxc6 14. Nb3 Bc2 15. Qa3 Bxb3 16. axb3 a5 17. dxc5 Bxc5 18.
b4 axb4 19. Qxa8 Rxa8 20. Rxa8+ Kf7 21. Rfa1 e5 22. cxb4 Qxb4 23. R8a2 h5 24. h4 Qg4 25.
Kh2 g5 26. Ra4 d4 27. exd4 Bxd4 28. hxg5 h4 29. Bxe5 fxe5 30. Rc4 Qf4+ 31. Kh1 h3 32. Rxc6 hxg2+ 33. Kxg2 Qe4+ 34. f3 Qxc6 0-1

[Event "*** Titled Tuesday Blitz"]
[Site "Chess.com"]
[Date "2019.01.01"]
[Round "9"]
[White "MissingLife"]
[Black "pandamaster3000"]
[Result "1-0"]
[WhiteElo "2433"]
[BlackElo "2213"]
[TimeControl "180+2"]
[EndTime "15:07:34 PST"]
[Termination "MissingLife won by checkmate"]

1. Nf3 Nf6 2. g3 g6 3. Bg2 Bg7 4. O-O O-O 5. d3 d6 6. Nbd2 Nc6 7. e4 e5 8. a3 a5 9. Rb1 a4 10. b4 axb3 11. cxb3 Re8 12. b4 Bg4 13. h3 Bxf3 14. Nxf3 d5 15. exd5 Nxd5 16. Bb2 Qd7 17. Re1 Nd4 18.
Nxd4 exd4 19. Qb3 c6 20. Qc4 Nc3 21. Ra1 Rxe1+ 22. Rxe1 Re8 23. Rxe8+ Qxe8 24. Bf3 h5 25. h4 Qe1+ 26. Kg2 Qd2 27. Ba1 Qc1 28. Bxc3 dxc3 29. Be4 Qe1 30. Bxg6 Qe7 31. Bxh5 Qd7 32. Bg4 Qd6 33. Bh5 b5 34. Qxf7+ Kh8 35. Qe8+ Kh7 36. Qe2 c5 37. Bf3 cxb4 38. Be4+ Kh8 39. axb4 Qxb4 40. Qh5+ Kg8 41. Bd5+ Kf8 42. Qf7# 1-0

[Event "*** Titled Tuesday Blitz"]
[Site "Chess.com"]
[Date "2019.01.01"]
[Round "9"]
[White "Siemba"]
[Black "FightingChess"]
[Result "0-1"]
[WhiteElo "2134"]
[BlackElo "2290"]
[TimeControl "180+2"]
[EndTime "15:07:36 PST"]
[Termination "FightingChess won by checkmate"]

1. e4 e6 2. d4 d5 3. Nc3 Nf6 4. Bg5 dxe4 5. Nxe4 Nbd7 6. Nf3 h6 7. Bxf6 Nxf6 8. Bd3 c5 9. Nxf6+ gxf6 10. Qd2 cxd4 11. Nxd4 Bc5 12. Nf3 Bd7 13. O-O-O Qb6 14. Rhe1 O-O-O 15. Re2 e5 16. Nh4 Be6 17. Kb1 Kb8 18. h3 Rd4 19. g4 Ra4 20. b3 Rd8 21. f3 Rdd4 22. Qxh6 Rxa2 23. Kxa2 Ra4+ 24. Kb1 Bxb3 25. cxb3 Qxb3+ 26.
Rb2 Qxd1+ 27. Qc1 Qxd3+ 28. Qc2 Qf1+ 29. Qc1 Ra1+ 30. Kxa1 Qxc1+ 31. Rb1 Qa3# 0-1

[Event "*** Titled Tuesday Blitz"]
[Site "Chess.com"]
[Date "2019.01.01"]
[Round "9"]
[White "nitpicker"]
[Black "pedroholly22"]
[Result "0-1"]
[WhiteElo "2204"]
[BlackElo "2287"]
[TimeControl "180+2"]
[EndTime "15:07:38 PST"]
[Termination "pedroholly22 won on time"]

1. d4 Nf6 2. c4 g6 3. Nc3 Bg7 4. e4 d6 5. Be2 O-O 6. Bg5 c5 7. d5 Qa5 8. Qd2 a6 9. f4 b5 10. Nf3 b4 11. Bxf6 exf6 12. Nd1 f5 13. e5 dxe5 14.
Nxe5 Nd7 15. Nc6 Qc7 16. O-O Bb7 17. Bf3 Bxc6 18. dxc6 Bd4+ 19. Kh1 Nb8 20. Ne3 Nxc6 21. Nd5 Qd6 22. Rae1 Rad8 23. Re2 a5 24. Rfe1 a4 25. a3 Rb8 26. h4 bxa3 27. bxa3 Rb2 28. Qd1 Qd8 29.
g3 Rb3 30. Ne7+ Nxe7 31. Rxe7 Rxa3 32. h5 Ra1 33. Qe2 a3 34. Ra7 Qb8 35. Ra8 Rxe1+ 36. Qxe1 Qxa8 37. Bxa8 Rxa8 0-1

[Event "*** Titled Tuesday Blitz"]
[Site "Chess.com"]
[Date "2019.01.01"]
[Round "9"]
[White "xxysoul6"]
[Black "DanielMieles1985"]
[Result "0-1"]
[WhiteElo "2891"]
[BlackElo "2575"]
[TimeControl "180+2"]
[EndTime "15:07:40 PST"]
[Termination "DanielMieles1985 won by resignation"]

1. d4 Nf6 2. c4 g6 3. Nc3 d5 4.
Nf3 Bg7 5. h4 c6 6. Bg5 Bg4 7.
Ne5 Be6 8. e3 Nbd7 9. Nxd7 Qxd7 10. Bxf6 Bxf6 11. cxd5 Bxd5 12. h5 O-O 13. hxg6 hxg6 14.
Bd3 e5 15. Nxd5 Qxd5 16. Qg4 exd4 17. O-O-O dxe3 18. Bxg6 Qg5 19. Bh7+ Kg7 20. Qf3 e2+ 21. Rd2 Bxb2+ 22. Kc2 Bf6 23. Bf5 Rfe8 24. Re1 Re5 25.
Qg4 Rxf5 26. Qxg5+ Rxg5 27. Rexe2 Rxg2 28. Rd7 Rh8 29. Rxb7 Rhh2 30. Rxa7 Rxf2 31. Rxf2 Rxf2+ 32. Kd3 Kg6 33.
a4 Ra2 34. Kc4 Bg5 35. Kb3 Ra1 36. Rc7 f5 37. Rxc6+ Bf6 38. Kb4 f4 39. a5 f3 40. Rc2 Kf5 41. Kb5 Ke4 42. a6 Bd4 0-1

[Event "*** Titled Tuesday Blitz"]
[Site "Chess.com"]
[Date "2019.01.01"]
[Round "9"]
[White "gmjlh"]
[Black "JozefKneht"]
[Result "1-0"]
[WhiteElo "2647"]
[BlackElo "2517"]
[TimeControl "180+2"]
[EndTime "15:07:45 PST"]
[Termination "gmjlh won by resignation"]

1. c4 e6 2. Nc3 d5 3. e3 Nf6 4. g4 h6 5. h3 c5 6. cxd5 exd5 7. Bg2 Nc6 8. Nge2 d4 9. Ne4 Be7 10.
N2g3 O-O 11. O-O Be6 12. d3 Nd5 13. Nf5 Bxf5 14. gxf5 Ne5 15. exd4 cxd4 16. Kh1 Nb4 17. Qh5 Kh7 18. Bd2 Nbxd3 19. f4 Nc4 20. Qe2 Nxd2 21.
Qxd3 Nxe4 22. Bxe4 Bf6 23. Rf2 Qd7 24. Kg2 Rac8 25.
Re1 Rc5 26. Ree2 b5 27. Rc2 Rfc8 28. Rxc5 Rxc5 29. Rc2 Qc7 30. Rxc5 Qxc5 31. Qc2 Qd6 32. Kf3 a5 33. a3 b4 34. Qb3 bxa3 35. Qxf7 Qe7 36. Qxe7 Bxe7 37. f6+ Kg8 38. fxe7 Kf7 39.
bxa3 Kxe7 40. Bd3 Kf6 41. Ke4 g5 42. fxg5+ Kxg5 43. Kxd4 Kh4 44. Bf5 1-0